 Dungeon Crawl Stone Soup version 0.31-a0-596-g831eee08f1 (webtiles) character file.

Game seed: 1004227001012920884

4 LobsterGuardian the Vexing (level 1, -1/13 HPs)
             Began as a Demonspawn Enchanter on Aug 20, 2023.
             Frozen to death by an endoplasm (3 damage)
             ... on level 1 of the Dungeon.
             The game lasted 00:01:16 (197 turns).

LobsterGuardian the Vexing (Demonspawn Enchanter)    Turns: 197, Time: 00:01:17

Health: -1/13      AC:  5    Str:  8    XL:     1   Next: 50%
Magic:  3/3        EV: 12    Int: 16    God:
Gold:   15         SH:  0    Dex: 13    Spells: 4/4 levels left

rFire   . . .        a - +1 dagger
rCold   . . .        (no shield)
rNeg    . . .        b - +0 robe
rPois   .            (no helmet)
rElec   .            d - +2 cloak
rCorr   .            (no gloves)
SInv    .            (no boots)
Will    .....        (no amulet)
Stlth   ++           (no ring)
HPRegen 0.22/turn    (no ring)
MPRegen 0.08/turn

%: no passive effects
@: hasted, very quick
A: no striking features
a: no special abilities


You were on level 1 of the Dungeon.
You visited 1 branch of the dungeon, and saw 1 of its levels.

You collected 15 gold pieces.

Inventory:

Hand Weapons
 a - a +1 dagger (weapon)
Armour
 b - a +0 robe (worn)
 d - a +2 cloak (worn)
Jewellery
 f - a +6 ring of dexterity
Scrolls
 h - 2 scrolls of identify {unknown}
Potions
 c - 2 potions of invisibility
 g - a potion of curing {unknown}


   Skills:
 + Level 0.8 Short Blades
 + Level 1.8 Dodging
 * Level 2.7 Stealth
 + Level 2.0 Spellcasting
 * Level 3.1 Hexes


You had 4 spell levels left.
You didn't know any spells.
Your spell library contained the following spells:

 Spells                   Type           Power      Damage    Failure   Level
 Ensorcelled Hibernation  Hex/Ice        12%        N/A       16%         2
 Confusing Touch          Hex            11%        N/A       17%         3
 Tukima's Dance           Hex            11%        N/A       17%         3
 Dazzling Flash           Conj/Hex       12%        N/A       32%         3


Dungeon Overview and Level Annotations

Branches:
Dungeon (1/15)

Altars:


Message History

You see here a +0 ring mail.
A ball python is nearby!
A ball python is nearby!
You barely miss the ball python. You punch the ball python.
The ball python is severely wounded.
The ball python misses you. The ball python grabs you.
The ball python constricts you.
You hit the ball python.
You kill the ball python!
No target in view!
No target in view!
Okay, then.
You now have 15 gold pieces (gained 5).
You see here a ball python corpse.
You open the door.
An endoplasm comes into view.
An endoplasm is nearby!
An endoplasm is nearby!
Found 20 gold pieces.
Found a stone staircase leading down.
There is an open door here.
A goblin comes into view. It is wielding a +0 dagger.
The endoplasm freezes you.
You are frozen.
You hit the endoplasm.
The endoplasm is moderately wounded.
The endoplasm freezes you.
You are frozen.
There is an open door here.
You hit the endoplasm but do no damage.
The endoplasm is moderately wounded.
The endoplasm misses you.
You hit the endoplasm.
The endoplasm is severely wounded.
The endoplasm freezes you.
You are frozen.
* * * LOW HITPOINT WARNING * * *
It was a potion of haste.
You feel yourself speed up. The endoplasm freezes you.
You are frozen.
You die...

#..........#
#..........############
#........#..........$..
#........#.#####...>.#
##########.....#....#
#####.#....#####
#.#.........
#.#.........
#.@J.......g
###......... ####......
##.$.. ###


You could see an endoplasm.

Vanquished Creatures
  2 ball pythons (D:1)
  A bat (D:1)
  A frilled lizard (D:1)
  A kobold (D:1)
5 creatures vanquished.

Notes
Turn   | Place    | Note
-------+----------+-------------------------------------------
     0 | D:1      | LobsterGuardian the Demonspawn Enchanter began the quest
                  | for the Orb.
     0 | D:1      | Reached XP level 1. HP: 13/13 MP: 3/3
   197 | D:1      | Frozen to death by an endoplasm

Illustrated notes

Levels and vault maps discovered:
D:1:      minmay_arrival_five_plusses, layout_basic

Action                     || total
---------------------------++-------
  Melee: Dagger            ||    17
         Punch             ||     1
    Use: Potion            ||     1
 Armour: Robe              ||    10
  Dodge: Dodged            ||    14

Table legend: (Time is in decaauts)
 A = Elapsed time spent in this place.
 B = Non-inter-level travel time spent in this place.
 C = Inter-level travel time spent in this place.
 D = Time resting spent in this place.
 E = Time spent auto-exploring this place.
 F = Levels seen in this place.
 G = Mean time per level.
                   A        B        C        D        E       F      G
               +--------+--------+--------+--------+--------+-----+--------+
         Total |    196 |    196 |      0 |      0 |    139 |   1 |  196.0 |
       Dungeon |    196 |    196 |      0 |      0 |    139 |   1 |  196.0 |
               +--------+--------+--------+--------+--------+-----+--------+

Top non-repeatable levels by time:
     D:1: 196 daAuts
